 Dungeon Crawl Stone Soup version 0.21.0-3-g78d12a8 (webtiles) character file.

401 Faca the Cudgeler (level 6, -3/41 HPs)
             Began as a Gargoyle Gladiator on Jan 10, 2018.
             Slain by a bullfrog (5 damage)
             ... in a sewer.
             The game lasted 00:05:41 (2439 turns).

Faca the Cudgeler (Gargoyle Gladiator)              Turns: 2439, Time: 00:05:42

Health: -3/41      AC: 12    Str: 19    XL:     6   Next: 85%
Magic:  6/6        EV:  8    Int:  8    God:
Gold:   133        SH:  0    Dex: 14    Spells: 5/5 levels left

rFire    . . .     SeeInvis .   k - +1 whip (elec)
rCold    + . .     Gourm    +   (no shield)
rNeg     + + .     Faith    .   n - +0 scale mail
rPois    ∞         Spirit   .   c - +0 helmet
rElec    +         Reflect  .   (no cloak)
rCorr    .         Harm     .   (no gloves)
MR       .....     Clarity  +   (no boots) Stlth ..........Rnd*Tele +
                                i - amulet of the gourmand
HPRegen  0.13/turn              j - ring of positive energy
MPRegen  0.10/turn              l - ring of teleportation (curse)

@: constricted, very slow
A: agile 1, clarity, cold resistance 1, negative energy resistance 1, robust 1,
electricity resistance, unbreathing, petrification resistance, rot immunity, AC
+4
a: no special abilities


You were in a sewer.
You were completely stuffed.

You visited 1 branch of the dungeon, and saw 3 of its levels.
You also visited: Sewer.

You collected 133 gold pieces.

Inventory:

Hand Weapons
 a - a +0 flail
 k - a +1 whip of electrocution (weapon)
Missiles
 d - 3 throwing nets (quivered)
Armour
 c - a +0 helmet (worn)
 h - a +0 chain mail
 n - a +0 scale mail (worn)
Jewellery
 i - an amulet of the gourmand (around neck)
 j - a ring of positive energy (left hand)
 l - a cursed ring of teleportation (right hand)
Scrolls
 s - 2 scrolls of fog
Potions
 b - a potion of flight {unknown}
 m - 2 potions of magic {unknown}
 p - a potion of heal wounds {unknown}
 q - a potion of might {unknown}
Comestibles
 f - 2 rations


   Skills:
 + Level 4.2 Fighting
 + Level 4.4 Maces & Flails
 - Level 1.7 Throwing
 + Level 3.4 Armour
 + Level 3.7 Dodging


You had 5 spell levels left.
You didn't know any spells.

Dungeon Overview and Level Annotations

Branches:
Dungeon (3/15)

Altars:
Cheibriados
Dithmenos
Qazlal


Innate Abilities, Weirdness & Mutations

You are resistant to torment.
Your stone body is resilient. (AC +4)
You are immune to poison.
You resist negative energy. (rN+)
You are resistant to electric shocks. (rElec)
You can survive without breathing.
You are immune to petrification.
You are immune to rotting.
You are agile. (Dex +2)
You possess an exceptional clarity of mind.
Your flesh is cold resistant. (rC+)
You are robust. (+10% HP)


Message History

The bullfrog is severely wounded.
The bullfrog hits you but does no damage. x2
The ball python bites you but does no damage.
The ball python constricts you.
The ball python bites you but does no damage.
The bullfrog hits you.
* * * LOW HITPOINT WARNING * * *
You hit the bullfrog but do no damage. Lightning courses through the bullfrog!
You kill the bullfrog!
The bullfrog hits you.
* * * LOW HITPOINT WARNING * * *
The ball python bites you but does no damage.
* * * LOW HITPOINT WARNING * * *
The ball python constricts you. The ball python barely misses you.
The bullfrog hits you but does no damage.
It was a potion of mutation.
You feel extremely strange.
Your thoughts seem clearer.
You feel agile.
You feel resistant to cold.
You feel robust. The bullfrog hits you.
You die...

....##
*,,,#......#
.....#
*****......#
..≈..#
##...≈.#
≈≈≈≈≈#
#≈≈≈≈≈≈#
≈≈≈≈≈#
#≈≈≈≈≈≈#
≈≈≈≈≈#
#≈≈≈≈≈≈#
≈≈≈≈≈#
#≈≈≈≈≈≈#
≈≈≈≈≈#
#≈≈≈SFS#
≈≈≈≈≈#
#≈≈≈#@≈#
≈≈≈≈≈#
#≈≈≈≈.≈#
≈††.≈#
#≈≈≈≈.≈#
†.(≈≈#
#≈≈≈#≈≈#
≈††≈≈#
#≈≈≈≈#≈#
≈≈≈≈≈#
#≈≈≈≈≈≈#
≈≈≈≈≈#
#≈≈≈≈≈≈#
≈≈≈≈≈#
#≈≈l≈≈≈#
≈≈≈≈≈#
#≈≈≈≈≈≈#


You could see a bullfrog, 2 ball pythons and a frilled lizard.

Vanquished Creatures
  A bullfrog (Sewer)
  An orc wizard (D:3)
  Natasha (thrice) (D:2)
  Terence (D:3)
  A gnoll (D:1)
  4 river rats (Sewer)
  7 adders
  2 oozes (Sewer)
  3 worms
  4 dart slugs
  An orc (D:3)
  3 giant cockroaches
  3 goblins
  5 hobgoblins
  2 jackals (D:3)
  A quokka (D:2)
  8 ball pythons (Sewer)
  9 bats
  6 frilled lizards
  3 kobolds (D:1)
  30 rats
98 creatures vanquished.

Notes
Turn   | Place    | Note
-------+----------+-------------------------------------------
     0 | D:1      | Faca the Gargoyle Gladiator began the quest for the Orb.
     0 | D:1      | Reached XP level 1. HP: 12/12 MP: 1/1
   410 | D:1      | Reached XP level 2. HP: 18/18 MP: 2/2
   577 | D:1      | Found a snail-covered altar of Cheibriados.
   617 | D:1      | Reached skill level 1 in Armour
   617 | D:1      | Reached XP level 3. HP: 5/22 MP: 3/3
  1137 | D:2      | Reached XP level 4. HP: 22/28 MP: 4/4
  1248 | D:2      | Noticed Natasha
  1250 | D:2      | Found a shadowy altar of Dithmenos.
  1269 | D:2      | Killed Natasha
  1431 | D:2      | Found a stormy altar of Qazlal.
  1494 | D:2      | Noticed Natasha
  1503 | D:2      | Killed Natasha
  1503 | D:2      | Reached XP level 5. HP: 24/32 MP: 5/5
  1717 | D:2      | Noticed Natasha
  1728 | D:2      | Killed Natasha
  1810 | D:3      | Noticed Terence
  1815 | D:3      | Killed Terence
  1860 | D:3      | Reached XP level 6. HP: 35/38 MP: 6/6
  1862 | D:3      | Found a glowing drain.
  1895 | Sewer    | Entered a sewer
  2439 | Sewer    | Gained mutation: You possess an exceptional clarity of mind. [potion of mutation]
  2439 | Sewer    | Gained mutation: You are agile. (Dex +2) [potion of mutation]
  2439 | Sewer    | Gained mutation: Your flesh is cold resistant. (rC+) [potion of mutation]
  2439 | Sewer    | Gained mutation: You are robust. (+10% HP) [potion of mutation]
  2439 | Sewer    | Slain by a bullfrog

Skill      XL: |  1  2  3  4  5  6 |
---------------+-------------------+-----
Armour         | 1 2 3 |  3.4
Fighting       | 3 4 |  4.2
Dodging        | 3 |  3.7
Maces & Flails | 4 |  4.4
Throwing       | |  1.7

Action                   |  1- 3 |  4- 6 || total
-------------------------+-------+-------++-------
Melee: Flail             |    38 |       ||    38
       Whip              |    62 |   237 ||   299
  Use: Scroll            |     2 |     7 ||     9
       Potion            |       |     3 ||     3
  Eat: Chunk             |     1 |    10 ||    11
       Ration            |     1 |       ||     1
Armor: Leather armour    |    44 |       ||    44
       Scale mail        |     4 |   236 ||   240
Dodge: Dodged            |    65 |   270 ||   335
